 Dungeon Crawl Stone Soup version 0.28-a0-410-gbef64dd269 (webtiles) character file.

Game seed: 15984347880926899958

73 rogsnak the Conjurer (level 4, -2/24 HPs)
             Began as a Tengu Conjurer on Sept 6, 2021.
             Killed by nerve-wracking pain
             ... invoked by Grinder
              (7 damage)
             ... on level 3 of the Dungeon.
             The game lasted 00:05:03 (1919 turns).

rogsnak the Conjurer (Tengu Conjurer)               Turns: 1919, Time: 00:05:04

Health: -2/24      AC:  2    Str:  7    XL:     4   Next: 27%
Magic:  1/8        EV: 12    Int: 20    God:
Gold:   91         SH:  0    Dex: 12    Spells: 4/7 levels left

rFire   . . .      SeeInvis .   e - +0 war axe
rCold   . . .      Faith    .   (no shield)
rNeg    . . .      Spirit   .   a - +0 robe
rPois   .          Reflect  .   (helmet restricted)
rElec   .          Harm     .   (no cloak)
rCorr   .          Rampage  .   (no gloves)
Will    .....                   (boots unavailable)
Stlth   ++........              (no amulet)
HPRegen 0.08/turn               (no ring)
MPRegen 0.11/turn               (no ring)

@: no status effects
A: beak, talons 3
a: no special abilities


You were on level 3 of the Dungeon.
You visited 1 branch of the dungeon, and saw 3 of its levels.

You collected 91 gold pieces.

Inventory:

Hand Weapons
 c - a +0 short sword
 e - a +0 war axe (weapon)
Missiles
 b - 131 stones
 f - 82 arrows
Armour
 a - a +0 robe (worn)
Jewellery
 m - an amulet of guardian spirit
Wands
 l - a wand of flame (17)
Scrolls
 d - 3 scrolls of teleportation {unknown}
 h - a scroll of brand weapon {unknown}
 j - 5 scrolls of identify {unknown}
 o - a scroll of blinking {unknown}
Potions
 g - a potion of brilliance {unknown}
 i - a potion of flight {unknown}
 k - a potion of invisibility {unknown}
 n - a potion of curing {unknown}


   Skills:
 + Level 2.5 Dodging
 - Level 2.0 Stealth
 + Level 2.4 Spellcasting
 + Level 7.0 Conjurations


You had 4 spell levels left.
You knew the following spells:

 Your Spells              Type           Power      Damage    Failure   Level
a - Magic Dart            Conj           100%       1d8       1%          1
b - Searing Ray           Conj           60%        3d5       1%          2

Your spell library contained the following spells:

 Spells                   Type           Power      Damage    Failure   Level
 Dazzling Flash           Conj/Hex       32%        N/A       11%         3
 Fulminant Prism          Conj/Hex       8%         3d7       34%         4
 Iskenderun's Mystic Bla  Conj/Tloc      16%        2d5       34%         4


Dungeon Overview and Level Annotations

Branches:
Dungeon (3/15)

Altars:

Annotations:
D:3 Grinder


Innate Abilities, Weirdness & Mutations

You have a beak for a mouth.
You have claws for feet.


Message History

Grinder blinks!
There is a stone staircase leading up here.
Casting: Magic Dart (safe; 1% risk of failure)
Confirm with . or Enter, or press ? or * to list all spells.
Aiming: Magic Dart (safe; 1% risk of failure)
Press: ? - help, Shift-Dir - straight line, f - Grinder
Aim: Grinder (100% to hit)
Okay, then.
Casting: Magic Dart (safe; 1% risk of failure)
Confirm with . or Enter, or press ? or * to list all spells.
Aiming: Searing Ray (safe; 1% risk of failure)
Press: ? - help, Shift-Dir - straight line, f - Grinder
Aim: Grinder (77% to hit)
The searing ray hits Grinder!
Grinder is moderately wounded. (Press . to maintain the ray.) Grinder gestures at you.
Pain shoots through your body!
Ouch! That really hurt!
The searing ray hits Grinder!
Grinder is heavily wounded.
The searing ray hits Grinder!
Grinder is severely wounded.
Grinder hits you.
Unknown command.
Casting: Searing Ray (safe; 1% risk of failure)
Confirm with . or Enter, or press ? or * to list all spells.
Restarting spell: Searing Ray (safe; 1% risk of failure)
Press: ? - help, Shift-Dir - straight line, f/p - Grinder
Aim: Grinder (severely wounded, 77% to hit)
The searing ray hits Grinder.
Grinder is severely wounded. (Press . to maintain the ray.) Grinder gestures at you.
Pain shoots through your body!
* * * LOW HITPOINT WARNING * * *
The searing ray misses Grinder.
Grinder gestures at you. Pain shoots through your body!
You die...

#.# #.# ##.####.#######
.. .............>#......
.##. ###.#.###.#.≈≈≈...
....r#.........#.≈?≈....
#...#.#...##....≈.≈....
#...............≈.≈...(
##.#.#..@.....#.........
.........5.[...........
##.#.........#.#....#####
#.########..#...........
#.....§.......#
#..#.#.####...#
#..#.#.<......#
......#...##...#
###..#..#).# #


You could see Grinder.

Vanquished Creatures
  Jessica (D:2)
  A dart slug (D:1)
  3 orcs (D:3)
  3 endoplasms
  3 giant cockroaches (D:1)
  3 goblins
  6 hobgoblins
  6 kobolds (D:1)
  A quokka (D:1)
  2 ball pythons (D:1)
  4 bats
  4 frilled lizards
  2 rats (D:1)
39 creatures vanquished.

Vanquished Creatures (others)
  5 fungi (D:2)
  8 plants (D:2)
13 creatures vanquished.

Grand Total: 52 creatures vanquished

Notes
Turn   | Place    | Note
-------+----------+-------------------------------------------
     0 | D:1      | rogsnak the Tengu Conjurer began the quest for the Orb.
     0 | D:1      | Reached XP level 1. HP: 10/10 MP: 4/4
   143 | D:1      | Reached XP level 2. HP: 15/15 MP: 1/6
   440 | D:1      | Reached skill level 6 in Conjurations
   593 | D:1      | Reached XP level 3. HP: 19/19 MP: 7/7
  1117 | D:2      | Noticed Jessica
  1120 | D:2      | Killed Jessica
  1121 | D:2      | Reached XP level 4. HP: 24/24 MP: 4/8
  1127 | D:2      | Learned a level 2 spell: Searing Ray
  1430 | D:2      | Found a faded altar of an unknown god.
  1758 | D:3      | Noticed Grinder
  1883 | D:3      | Reached skill level 7 in Conjurations
  1919 | D:3      | Killed from afar by Grinder

Illustrated notes

Levels and vault maps discovered:
D:1:      shiori_shiawase, layout_basic
D:2:      layout_loops_ring, shapermc_ecumenical_altar_mp_urbaneastern,
          uniq_jessica
D:3:      layout_basic, chequers_serial_rivers_micro_d, uniq_grinder

Skill      XL: |  1  2  3  4 |
---------------+-------------+-----
Conjurations   | 6 7 |  7.0
Dodging        | |  2.5
Stealth        | |  2.0
Spellcasting   | |  2.4

Action                   |  1- 3 |  4- 6 || total
-------------------------+-------+-------++-------
Melee: War axe           |     2 |       ||     2
 Cast: Magic Dart        |    49 |    17 ||    66
       Searing Ray       |       |     2 ||     2
Armor: Robe              |     1 |       ||     1

Table legend: (Time is in decaauts)
 A = Elapsed time spent in this place.
 B = Non-inter-level travel time spent in this place.
 C = Inter-level travel time spent in this place.
 D = Time resting spent in this place.
 E = Time spent auto-exploring this place.
 F = Levels seen in this place.
 G = Mean time per level.
                   A        B        C        D        E       F      G
               +--------+--------+--------+--------+--------+-----+--------+
         Total |   1920 |   1869 |     51 |    209 |   1368 |   3 |  640.0 |
       Dungeon |   1920 |   1869 |     51 |    209 |   1368 |   3 |  640.0 |
               +--------+--------+--------+--------+--------+-----+--------+

Top non-repeatable levels by time:
     D:2: 936 daAuts
     D:1: 920 daAuts
     D:3: 63 daAuts
